 Dungeon Crawl Stone Soup version 0.17-a0-1764-gd4f14f8 (webtiles) character file.

303 Eldritch the Ducker (level 6, -1/61 HPs)
             Began as a Troll Berserker on Sept 6, 2015.
             Was a Priest of Trog.
             Slain by an orc
             ... wielding a cursed +0 trident
              (9 damage)
             ... on level 4 of the Dungeon.
             The game lasted 00:09:20 (2308 turns).

Eldritch the Ducker (Troll Berserker)               Turns: 2308, Time: 00:09:20

Health: -1/61      AC:  5    Str: 28    XL:     6   Next: 15%
Magic:  5/5        EV: 16    Int:  8    God:    Trog [***...]
Gold:   194        SH:  0    Dex: 14    Spells: 0 memorised, 5 levels left

rFire  . . .     SeeInvis .     a - +0 mace
rCold  . . .     Clarity  .     b - +0 animal skin
rNeg   . . .     SustAt   +     (no shield)
rPois  .         Gourm    +     (helmet restricted)
rElec  .         Spirit   .     (no cloak)
rCorr  .         Warding  .     (gloves unavailable)
rMut   .         Stasis   .     (boots unavailable)
MR     .....                    (no amulet)
Stlth  ++........               (no ring)
                                v - ring of sustain attributes

@: confused, brilliant, agile, lethally poisoned (-1 -> -1), exhausted, slowed,
very slow, not resistant to hostile enchantments, unstealthy
A: unfitting armour, claws 3, fast metabolism 3, gourmand, regeneration 2,
shaggy fur 1, tough skin 2
a: Burn Spellbooks, Berserk, Trog's Hand, Renounce Religion


You were on level 4 of the Dungeon.
You worshipped Trog.
Trog was most pleased with you.
You were very hungry.

You visited 1 branch of the dungeon, and saw 4 of its levels.

You collected 194 gold pieces.

Inventory:

Hand weapons
 a - a +0 mace (weapon)
Armour
 b - a +0 animal skin (worn)
Jewellery
 e - an uncursed ring of protection from fire
 v - a ring of sustain attributes (left claw)
Scrolls
 d - a scroll of remove curse
 g - 2 scrolls of magic mapping
 h - a scroll of fog {unknown}
 i - a scroll of teleportation {unknown}
 l - 2 scrolls of amnesia {unknown}
 m - a scroll of recharging {unknown}
 n - a scroll of enchant armour {unknown}
 q - a scroll of enchant weapon {unknown}
 w - a scroll of random uselessness {unknown}
 x - a scroll of immolation {unknown}
Potions
 f - a potion of lignification {unknown}
 j - a potion of flight {unknown}
 o - a potion of poison {unknown}
 p - a potion of brilliance
 s - a potion of heal wounds {unknown}
 t - a potion of ambrosia
Comestibles
 c - a chunk of flesh
 k - 2 meat rations
 u - 2 fruits


   Skills:
 + Level 3.6 Fighting
 + Level 3.9 Maces & Flails
 + Level 4.1 Dodging
 + Level 0.4 Stealth


You had 5 spell levels left.
You didn't know any spells.

Dungeon Overview and Level Annotations

Branches:
Dungeon (4/15)
 Temple: D:4-7

Altars:
Elyvilon
Trog
Xom


Innate Abilities, Weirdness & Mutations

You are too large for most types of armour.
You have claws for hands.
Your metabolism is lightning-fast.
You like to eat raw meat.
You heal very quickly.
You are covered in fur (AC +1).
You have very tough skin (AC +2).


Message History

The adder bites you.
* * * LOW HITPOINT WARNING * * *
The orc hits you from afar with a trident.
* * * LOW HITPOINT WARNING * * *
The adder barely misses you.
Drink which item? (? for menu, Esc to quit)
It was a potion of brilliance.
You feel clever all of a sudden.
You feel sick. The adder closely misses you. The orc closely misses you.
The adder bites you.
* * * LOW HITPOINT WARNING * * *
Eat a chunk of flesh? (ye/n/q/i?)
Okay, then.
Drink which item? (? for menu, Esc to quit)
It was a potion of ambrosia.
You are confused.
You feel invigorated. The orc closely misses you. The adder bites you.
* * * LOW HITPOINT WARNING * * *
The orc hits you from afar with a trident!
You die...

## .## ..## ...##
#############
....####........@So#
............######o#
....####.##.# #%#
...### #.##.# #o#
### .........##.#
#o##.....
.##########.#
#o)...... ## ...
#)#...... # ..#
.....ยง... # ..#
..........


You could see an orc wizard, an adder and an orc.

Vanquished Creatures
  A phantom (D:4)
  An orc priest (D:3)
  An orc wizard (D:3)
  A hound skeleton (D:4)
  5 adders
  An ooze (D:3)
  A worm (D:3)
  An adder skeleton (D:4)
  2 giant geckos
  13 orcs
  A ball python (D:1)
  7 bats
  7 giant cockroaches
  11 hobgoblins
  3 jackals (D:1)
  7 kobolds
  3 quokkas
  7 giant newts
  7 goblins
  7 rats
87 creatures vanquished.

Vanquished Creatures (others)
  An orc wizard (D:4)
1 creature vanquished.

Grand Total: 88 creatures vanquished

Notes
Turn   | Place    | Note
--------------------------------------------------------------
     0 | D:1      | Eldritch the Troll Berserker began the quest for the Orb.
     0 | D:1      | Reached XP level 1. HP: 22/22 MP: 0/0
   127 | D:1      | Reached XP level 2. HP: 29/29 MP: 1/1
   396 | D:1      | Reached skill level 3 in Maces & Flails
   401 | D:1      | Acquired Trog's second power
   565 | D:1      | Reached XP level 3. HP: 36/36 MP: 2/2
  1084 | D:3      | Found a bloodstained altar of Trog.
  1128 | D:3      | Found a white marble altar of Elyvilon.
  1172 | D:3      | Reached XP level 4. HP: 25/45 MP: 3/3
  1706 | D:3      | Reached XP level 5. HP: 53/53 MP: 4/4
  1960 | D:4      | Noticed a phantom
  1996 | D:4      | Killed a phantom
  1996 | D:4      | Reached skill level 4 in Dodging
  2007 | D:4      | Reached XP level 6. HP: 54/61 MP: 5/5
  2105 | D:4      | Found a shimmering altar of Xom.
  2308 | D:4      | Slain by an orc

Vault maps used:
D:1:      scummos_arrival_checkerplants, feat_on_display
D:3:      elyvilon_altar_4, lemuel_doored_altar
D:4:      zin_treasury, overflow_temple_1_default, kennysheep_generic_room_15

Action                   |  1- 3 |  4- 6 || total
-------------------------+-------+-------++-------
Melee: Mace              |   126 |   149 ||   275
Invok: Berserk           |     1 |     3 ||     4
  Use: Scroll            |     1 |     5 ||     6
       Potion            |       |     3 ||     3
 Stab: Sleeping          |     2 |       ||     2
  Eat: Chunk             |     5 |     7 ||    12
       Bread ration      |     1 |     1 ||     2
       Pizza             |       |     1 ||     1
